 Dungeon Crawl Stone Soup version 0.28-a0-1389-gc726bef33b (webtiles) character file.

Game seed: 15175324440631797915

237 browni3141 the Caller (level 6, -2/41 HPs)
             Began as a Merfolk Summoner on Jan 3, 2022.
             Succumbed to a kobold brigand's curare-tipped dart
             ... in a sewer on Jan 4, 2022.
             The game lasted 00:10:37 (3811 turns).

browni3141 the Caller (Merfolk Summoner)            Turns: 3811, Time: 00:10:38

Health: -2/41      AC:  2    Str:  8    XL:     6   Next: 6%
Magic:  4/11       EV: 16    Int: 14    God:
Gold:   76         SH:  0    Dex: 17    Spells: 2/11 levels left

rFire   . . .      SeeInvis .   k - +1 trident
rCold   . . .      Faith    .   (no shield)
rNeg    . . .      Spirit   .   a - +0 robe
rPois   .          Reflect  .   (no helmet)
rElec   .          Harm     .   (no cloak)
rCorr   .          Rampage  .   (no gloves)
Will    .....                   (boots currently unavailable)
Stlth   +++.......              (no amulet)
HPRegen 0.13/turn               (no ring)
MPRegen 0.12/turn               (no ring)

@: lethally poisoned (-2 -> -9), slowed, invisible, quick
A: nimble swimmer 2, mertail
a: no special abilities


You were in a sewer.
You visited 1 branch of the dungeon, and saw 3 of its levels.
You also visited: Sewer.

You collected 76 gold pieces.

Inventory:

Hand Weapons
 b - a +0 short sword of freezing
 k - a +1 trident (weapon)
Missiles
 d - 10 curare-tipped darts
Armour
 a - a +0 robe (worn)
Jewellery
 j - a ring of protection from cold
 l - a ring of ice
Wands
 o - a wand of paralysis (2)
Scrolls
 c - a scroll of immolation {unknown}
 e - a scroll of fog {unknown}
 f - a scroll of blinking {unknown}
 g - a scroll of amnesia
 h - a scroll of enchant weapon
 i - a scroll of teleportation
 m - a scroll of identify {unknown}
Potions
 n - a potion of invisibility


   Skills:
 + Level 2.2 Polearms
 - Level 2.6 Dodging
 - Level 2.1 Stealth
 + Level 3.4 Spellcasting
 * Level 6.1 Summonings


You had 2 spell levels left.
You knew the following spells:

 Your Spells              Type           Power      Damage    Failure   Level
a - Summon Small Mammal   Summ           76%        N/A       1%          1
b - Call Imp              Summ           19%        N/A       2%          2
c - Call Canine Familiar  Summ           19%        N/A       4%          3
d - Summon Guardian Gole  Hex/Summ       10%        N/A       19%         3

Your spell library contained the following spells:

 Spells                   Type           Power      Damage    Failure   Level
 Apportation              Tloc           4%         N/A       21%         1
 Blink                    Tloc           4%         N/A       30%         2
 Lesser Beckoning         Tloc           2%         N/A       52%         3
 Summon Lightning Spire   Summ/Air       10%        N/A       52%         4
 Alistair's Intoxication  Tmut/Pois      1%         N/A       99%         5
 Manifold Assault         Tloc           2%         N/A       99%         5


Dungeon Overview and Level Annotations

Branches:
Dungeon (3/15)              Sewer (1/1)

Altars:

Shops:
D:2 *


Innate Abilities, Weirdness & Mutations

You are very nimble when in or above water. (Stealth+, EV+, Speed+++)
Your lower body shifts to a powerful aquatic tail in water.


Message History

The helpless kobold brigand fails to defend itself.
You hit the kobold brigand but do no damage.
The kobold brigand is almost dead.
Reach: k) +1 trident
Press: ? - help, Dir - move target, f/p - kobold brigand
Aim: a kobold brigand, wielding a +0 short sword and quivering curare-tipped darts (almost dead, paralysed, about 2% to evade your +1 trident)
You reach to attack!
The helpless kobold brigand fails to defend itself.
You hit the kobold brigand but do no damage.
The kobold brigand is almost dead.
The kobold brigand is no longer paralysed.
The kobold brigand throws a curare-tipped dart.
The curare-tipped dart hits you.
You are poisoned.
You have difficulty breathing.
* * * LOW HITPOINT WARNING * * *
You feel as though you will be slow longer.
Okay, then.
It was a potion of invisibility.
You fade into invisibility!
* * * LOW HITPOINT WARNING * * *
You feel very sick.
Unknown command.
Okay, then.
Reach: k) +1 trident
Press: ? - help, Dir - move target, f/p - kobold brigand
Aim: a kobold brigand, wielding a +0 short sword and quivering curare-tipped darts (almost dead, about 47% to evade your +1 trident)
You reach to attack!
You hit the kobold brigand.
The kobold brigand is almost dead.
* * * LOW HITPOINT WARNING * * *
You feel very sick.
The kobold brigand throws a curare-tipped dart.
The curare-tipped dart closely misses you.
Reach: k) +1 trident
Press: ? - help, Dir - move target, f/p - kobold brigand
Aim: a kobold brigand, wielding a +0 short sword and quivering curare-tipped darts (almost dead, about 47% to evade your +1 trident)
You reach to attack!
You hit the kobold brigand but do no damage.
The kobold brigand is almost dead.
You die...

#≈# #≈# #≈# #≈# #
##≈######### .##
#######.≈≈≈..≈≈..# ≈≈.#
#...≈.≈≈≈..≈≈≈≈≈.# .≈..#
≈≈≈≈≈≈≈≈≈≈≈≈≈≈≈≈≈#)....#
≈≈≈≈≈≈≈≈≈≈≈≈≈≈≈≈@)K....#
≈≈≈≈≈≈≈≈≈≈≈≈≈≈≈≈≈#)....#
#......≈...≈≈≈≈≈.# ..#.#
###.###.≈≈....≈..# ##
#∩# ############ ###


You could see a kobold brigand.

Vanquished Creatures
  Ijyb (D:3)
  An adder (D:3)
  2 worms (D:2)
  3 bats (D:1)
  6 endoplasms
  A goblin (D:2)
  3 hobgoblins
  3 jackals
  A quokka (D:3)
  3 ball pythons
  3 frilled lizards (D:1)
  2 kobolds
  5 rats
34 creatures vanquished.

Vanquished Creatures (collateral kills)
  A kobold brigand (Sewer)
  7 gnolls (D:2)
  An adder (D:2)
  A dart slug (D:1)
  An orc (D:2)
  A bat (D:2)
  An endoplasm (D:1)
  A goblin (D:2)
  A hobgoblin (D:1)
  A quokka (D:1)
  3 ball pythons
  A frilled lizard (D:1)
  5 kobolds
  2 rats
27 creatures vanquished.

Vanquished Creatures (others)
  2 kobolds (Sewer)
2 creatures vanquished.

Grand Total: 63 creatures vanquished

Notes
Turn   | Place    | Note
-------+----------+-------------------------------------------
     0 | D:1      | browni3141 the Merfolk Summoner began the quest for the
                  | Orb.
     0 | D:1      | Reached XP level 1. HP: 13/13 MP: 3/3
   107 | D:1      | Reached XP level 2. HP: 19/19 MP: 3/5
   191 | D:1      | Learned a level 2 spell: Call Imp
  1218 | D:1      | Reached XP level 3. HP: 24/24 MP: 3/6
  1579 | D:1      | Learned a level 3 spell: Call Canine Familiar
  2028 | D:2      | Reached skill level 5 in Summonings
  2028 | D:2      | Reached XP level 4. HP: 14/30 MP: 3/8
  2830 | D:2      | Reached XP level 5. HP: 22/35 MP: 5/9
  3322 | D:2      | Found Fongeph's Assorted Antiques.
  3470 | D:3      | Noticed Ijyb
  3489 | D:3      | Killed Ijyb
  3490 | D:3      | Reached skill level 1 in Polearms
  3553 | D:3      | Found a glowing drain.
  3674 | Sewer    | Entered a sewer
  3745 | Sewer    | Noticed a kobold brigand
  3751 | Sewer    | Learned a level 3 spell: Summon Guardian Golem
  3787 | Sewer    | Noticed a kobold brigand
  3796 | Sewer    | Killed a kobold brigand
  3797 | Sewer    | Reached skill level 6 in Summonings
  3797 | Sewer    | Reached XP level 6. HP: 41/41 MP: 5/11
  3810 | Sewer    | HP: 1/41 [poisoned by a kobold brigand (curare-tipped
                  | dart)]
  3811 | Sewer    | Succumbed to a kobold brigand's curare-tipped dart

Illustrated notes

Levels and vault maps discovered:
D:1:      minmay_arrival_jagged, layout_basic, minmay_octomino_j4
D:2:      layout_loops_corners, serial_shops, shop, nrook_mini_backslash,
          minmay_small_reverse_x
D:3:      layout_loops_ring, shapermc_ecumenical_altar_mp_highgroup,
          gammafunk_ghost_necromancy, portal_sewer_entry_d, uniq_ijyb,
          uniq_sigmund
Sewer:    sewer_kobolds

Skill      XL: |  1  2  3  4  5 |
---------------+----------------+-----
Summonings     | 5 6 |  6.1
Spellcasting   | 3 |  3.4
Polearms       | 2 |  2.2
Dodging        | |  2.6
Stealth        | |  2.1

Action                   |  1- 3 |  4- 6 || total
-------------------------+-------+-------++-------
Melee: Unarmed           |     4 |       ||     4
       Short sword       |    44 |       ||    44
       Trident           |    16 |    95 ||   111
 Cast: Summon Small Mamm |    21 |     2 ||    23
       Call Imp          |     1 |       ||     1
       Call Canine Famil |     2 |     9 ||    11
       Summon Guardian G |       |     1 ||     1
Evoke: Wand              |       |     4 ||     4
  Use: Scroll            |       |     3 ||     3
       Potion            |       |     1 ||     1
 Stab: Sleeping          |     4 |     4 ||     8
       Paralysed         |       |     9 ||     9
       Distracted        |       |     1 ||     1
Armor: Robe              |    18 |     6 ||    24
Dodge: Dodged            |    46 |    31 ||    77

Table legend: (Time is in decaauts)
 A = Elapsed time spent in this place.
 B = Non-inter-level travel time spent in this place.
 C = Inter-level travel time spent in this place.
 D = Time resting spent in this place.
 E = Time spent auto-exploring this place.
 F = Levels seen in this place.
 G = Mean time per level.
                   A        B        C        D        E       F      G
               +--------+--------+--------+--------+--------+-----+--------+
         Total |   3833 |   3780 |     53 |    382 |   2612 |   4 |  958.2 |
       Dungeon |   3706 |   3653 |     53 |    361 |   2566 |   3 | 1235.3 |
         Sewer |    126 |    126 |      0 |     21 |     46 |   1 |  126.0 |
               +--------+--------+--------+--------+--------+-----+--------+

Top non-repeatable levels by time:
     D:2: 1824 daAuts
     D:1: 1661 daAuts
     D:3: 220 daAuts
   Sewer: 126 daAuts
